 Dungeon Crawl Stone Soup version 0.30.1-11-g7821555f0a (webtiles) character file.

Game seed: 15625934297539570597

26132 Peloso the Fencer (level 12, -2/169 HPs)
             Began as a Minotaur Fighter on Jan 3, 2024.
             Was a High Priest of Okawaru.
             Killed from afar by a molten gargoyle (10 damage)
             ... with a bolt of magma
             ... on level 11 of the Dungeon.
             The game lasted 00:31:08 (15556 turns).

Peloso the Fencer (Minotaur Fighter)               Turns: 15556, Time: 00:31:09

Health: -2/169     AC: 18    Str: 24    XL:     12   Next: 95%
Magic:  12/12      EV: 15    Int:  3    God:    Okawaru [*****.]
Gold:   700        SH:  7    Dex: 20    Spells: 11/11 levels left

rFire   + . .        b - +2 scimitar (flame)
rCold   + . .        c - +0 buckler
rNeg    . . .        o - +4 scale mail {rF+}
rPois   +            (helmet restricted)
rElec   .            A - +2 cloak
rCorr   .            h - +0 pair of gloves of Damp Liberty {rPois rC+ Str+2 Int-2}
SInv    .            (no boots)
Will    .....        p - amulet of the acrobat Stlth
                     g - ring of flight
HPRegen 0.48/turn    u - +6 ring of dexterity
MPRegen 0.13/turn

%: acrobat
@: berserking, flying, very quick
A: horns 2, retaliatory headbutt
a: Renounce Religion, Heroism, Finesse, Duel


You were on level 11 of the Dungeon.
You worshipped Okawaru.
Okawaru was extremely pleased with you.
You visited 2 branches of the dungeon, and saw 13 of its levels.
You also visited: Ice Cave.

You collected 1030 gold pieces.
You spent 330 gold pieces at shops.

Inventory:

Hand Weapons
 a - a +3 scimitar
 b - a +2 scimitar of flaming (weapon)
 B - a +1 long sword of electrocution
Missiles
 l - a throwing net (quivered)
Armour
 c - a +0 buckler (worn)
 e - +0 fire dragon scales
 h - the +0 pair of gloves of Damp Liberty (worn) {rPois rC+ Str+2 Int-2}
   (You bought it in a shop on level 3 of the Dungeon)

   Str:       It affects your strength (+2).
   Int:       It affects your intelligence (-2).
   rC:        It protects you from cold.
   rPois:     It protects you from poison.
 o - a +4 scale mail of fire resistance (worn)
 A - a +2 cloak (worn)
Jewellery
 g - a ring of flight (left hand)
 p - an amulet of the acrobat (around neck)
 u - a +6 ring of dexterity (right hand)
Wands
 v - a wand of flame (12)
 y - a wand of quicksilver (1)
Scrolls
 f - 3 scrolls of teleportation
 i - 4 scrolls of immolation
 j - 3 scrolls of enchant armour
 k - a scroll of acquirement
 m - 3 scrolls of enchant weapon
 q - 2 scrolls of amnesia
 r - a scroll of brand weapon
 D - a scroll of fear {unknown}
Potions
 d - a potion of might
 n - a potion of haste
 t - 2 potions of invisibility
 w - a potion of berserk rage
 x - 3 potions of mutation
 z - a potion of magic
 C - a potion of flight


   Skills:
 + Level 12.7 Fighting
 + Level 15.9 Long Blades
 + Level 11.4 Armour
 + Level 8.0 Dodging
 + Level 2.3 Stealth
 + Level 9.9 Shields
 + Level 1.7 Invocations
 + Level 1.1 Evocations


You had 11 spell levels left.
You didn't know any spells.
Your spell library contained the following spells:

 Spells                   Type           Power      Damage    Failure   Level
 Freeze                   Ice            0%         1d3       80%         1
 Sublimation of Blood     Necr           0%         N/A       91%         2
 Frozen Ramparts          Ice            0%         1d1       99%         3
 Hailstorm                Conj/Ice       0%         3d3       99%         3
 Ice Form                 Ice/Tmut       0%         N/A       100%        4
 Petrify                  Tmut/Erth      0%         N/A       100%        4
 Alistair's Intoxication  Tmut/Pois      0%         N/A       100%        5
 Borgnjor's Vile Clutch   Necr/Erth      0%         N/A       100%        5
 Irradiate                Conj/Tmut      0%         3d11      100%        5
 Eringya's Noxious Bog    Tmut/Pois      0%         N/A       100%        6
 Summon Ice Beast         Ice/Summ       Unusable   N/A       N/A         4

Dungeon Overview and Level Annotations

Branches:
Dungeon (12/15)            Temple (1/1) D:6            Lair (0/5) D:11
    Orc (0/2) D:10          IceCv (visited)

Altars:
Ashenzari
Cheibriados
Dithmenos
Elyvilon
Fedhas
Gozag
Hepliaklqana
Kikubaaqudgha
Makhleb
Nemelex Xobeh
Okawaru
Qazlal
Ru
Sif Muna
Trog
Uskayaw
Vehumet
Wu Jian
Xom
Yredelemnul
Zin
The Shining One

Shops:
D:3 [*?[   D:5 [([(:   D:7 :   D:10 =

Portals:
Trove: D:12 (give 5 potions of resistance)

Annotations:
D:12 1 runed translucent door, ciphuk's ghost, journeyman TrMo


Innate Abilities, Weirdness & Mutations

You have a pair of horns on your head.
You reflexively headbutt those who attack you in melee.


Message History

You slash the molten gargoyle! You headbutt the molten gargoyle.
The molten gargoyle is almost destroyed.
The molten gargoyle barely misses you. You furiously retaliate!
You headbutt the molten gargoyle!
You destroy the molten gargoyle!
Okawaru accepts your kill.
Your Dodging skill increases to level 8!
The molten gargoyle completely misses you.
You furiously retaliate!
You headbutt the molten gargoyle! You slice the molten gargoyle!!
You destroy the molten gargoyle!
Okawaru accepts your kill.
You hear a sizzling splash.
The molten gargoyle blasts magma at you!
The bolt of magma hits you!! You partially resist.
The molten gargoyle blasts magma at you!
The bolt of magma misses you.
The molten gargoyle blasts magma at you!
The bolt of magma hits you! You partially resist.
* * * LOW HITPOINT WARNING * * *
You hit the molten gargoyle but do no damage.
Your headbutt misses the molten gargoyle.
You hit the molten gargoyle but do no damage.
The molten gargoyle hits you with a +0 mace!
* * * LOW HITPOINT WARNING * * *
You are engulfed in flames.
You resist.
* * * LOW HITPOINT WARNING * * *
You feel better.
The molten gargoyle hits you with a +0 mace.
* * * LOW HITPOINT WARNING * * *
You are engulfed in flames.
You resist.
* * * LOW HITPOINT WARNING * * *
A red film seems to cover your vision as you go berserk!
You feel yourself moving faster!
You feel mighty! You block the molten gargoyle's attack.
You closely miss the molten gargoyle. You barely miss the molten gargoyle.
The molten gargoyle blasts magma at you!
The bolt of magma hits you! You partially resist.
You die...

.... #...........
.#.#.#.#.#.##...........
#.#.#.#.#.#.########....
.#.....≈.§§## ####.###
#..≈§§§≈§.#.# #....#
.#.≈§§§§§§§## ##.####
#.≈§≈88≈§.#.# ##..#
.#§§§889§≈.## #..##
#.§≈§§§@≈.#.# #.##
.#.§§≈§≈≈..####.#
#...≈...))#.##..#
.#.#.#.#.#.###.##
#.#.#.#.#.#....# #
###........###
##########


You could see a molten gargoyle.

Vanquished Creatures
  Erolcha (D:10)
  3 two-headed ogres
  3 skeletal warriors (D:11)
  A wizard (D:11)
  Pikel (D:6)
  2 deep elf pyromancers
  2 ugly things
  2 cyclopes (D:11)
  A manticore (D:10)
  3 ice statues (IceCv)
  3 molten gargoyles (D:11)
  2 gargoyles
  2 unseen horrors
  5 kobold demonologists
  An ice devil (D:10)
  2 rime drakes (D:10)
  A tengu conjurer (D:10)
  A freezing wraith (IceCv)
  A komodo dragon (D:11)
  An anaconda simulacrum (IceCv)
  A troll (D:12)
  2 hornets
  4 slime creatures (D:12)
  Eustachio (D:5)
  A dire elephant simulacrum (IceCv)
  A water elemental (D:11)
  A shadow (D:9)
  A vampire (D:12)
  15 yaks
  3 wraiths
  2 fire elementals (D:10)
  A basilisk (D:10)
  3 steam dragons
  8 vampire mosquitoes
  An acid dragon (D:11)
  Duvessa (D:5)
  Edmund (D:5)
  4 orc warriors
  2 black bears (D:6)
  3 ice beasts
  2 centaurs
  An ogre (D:6)
  3 phantoms
  A lemure (D:6)
  5 bullfrogs
  2 gnoll sergeants (D:10)
  6 kobold brigands
  4 scorpions
  4 wights (D:7)
  Dowan (D:5)
  26 killer bees
  An elephant simulacrum (IceCv)
  2 electric eels (D:11)
  6 howler monkeys
  A gnoll bouda (D:7)
  9 orc priests
  4 jellies
  3 sleepcaps
  Terence (D:3)
  4 iguanas
  19 orc wizards
  2 wolf simulacra (IceCv)
  A polar bear simulacrum (IceCv)
  A mummy (D:10)
  Robin (D:2)
  25 gnolls
  8 adders
  A shadow imp (D:7)
  2 white imps (D:8)
  4 worms
  3 dart slugs (D:1)
  41 orcs
  5 ball pythons
  5 bats
  5 endoplasms
  3 giant cockroaches
  16 goblins
  8 hobgoblins
  20 kobolds
  6 quokkas
  3 frilled lizards
  3 rats
362 creatures vanquished.

Vanquished Creatures (others)
  Erica (D:10)
  A wizard (D:7)
  A kobold brigand (D:12)
  A butterfly (D:5)
4 creatures vanquished.

Grand Total: 366 creatures vanquished

Notes
Turn   | Place    | Note
-------+----------+-------------------------------------------
     0 | D:1      | Peloso the Minotaur Fighter began the quest for the Orb.
     0 | D:1      | Reached XP level 1. HP: 19/19 MP: 0/0
   267 | D:1      | Reached XP level 2. HP: 24/27 MP: 1/1
   889 | D:2      | Found a faded altar of an unknown god.
   938 | D:2      | Reached XP level 3. HP: 33/33 MP: 2/2
   968 | D:2      | Reached skill level 3 in Long Blades
  1186 | D:2      | Noticed Robin
  1216 | D:2      | Killed Robin
  1217 | D:2      | Reached XP level 4. HP: 10/40 MP: 3/3
  1821 | D:3      | Noticed Terence
  1829 | D:3      | Killed Terence
  1830 | D:3      | Reached skill level 4 in Long Blades
  1910 | D:3      | Reached XP level 5. HP: 18/47 MP: 4/4
  2113 | D:3      | Reached skill level 1 in Dodging
  2204 | D:3      | Reached skill level 5 in Armour
  2510 | D:3      | Found Saowiul's Armour Shoppe.
  2516 | D:3      | Found Foxtaig's Magic Scroll Boutique.
  2528 | D:3      | Reached skill level 5 in Long Blades
  2561 | D:3      | Reached XP level 6. HP: 53/53 MP: 5/5
  2717 | D:3      | Found Kuisoem's Armour Emporium.
  2757 | D:3      | Found Osiap's Assorted Antiques.
  2765 | D:3      | Bought a red potion for 14 gold pieces
  2765 | D:3      | Bought a scroll labelled DATAFUVUURE for 16 gold pieces
  2765 | D:3      | Bought 2 lumpy golden potions for 28 gold pieces
  3154 | D:4      | Found a glowing golden altar of the Shining One.
  3219 | D:4      | Identified the +8 hand axe of Caqur {freeze, Drain Int+7
                  | Dex+3}
  3756 | D:4      | Identified a scroll of acquirement
  3790 | D:5      | Entered Level 5 of the Dungeon
  3792 | D:5      | Found Astrawk's Weapon Shoppe.
  3815 | D:5      | Reached skill level 6 in Long Blades
  3815 | D:5      | Reached XP level 7. HP: 36/60 MP: 6/6
  3845 | D:5      | Reached skill level 5 in Fighting
  3845 | D:5      | Reached skill level 5 in Shields
  3930 | D:5      | Noticed Duvessa
  3931 | D:5      | Noticed Dowan
  3937 | D:5      | Killed Duvessa
  3951 | D:5      | Killed Dowan
  3960 | D:5      | HP: 3/61 [poisoned by Dowan]
  4224 | D:5      | Reached skill level 7 in Long Blades
  4415 | D:5      | Reached XP level 8. HP: 62/69 MP: 7/7
  4599 | D:5      | Found Hass's Book Shop.
  4725 | D:5      | Found a white marble altar of Elyvilon.
  5017 | D:5      | Noticed Edmund
  5028 | D:5      | Killed Edmund
  5029 | D:5      | Reached skill level 8 in Long Blades
  5029 | D:5      | Reached skill level 1 in Stealth
  5150 | D:5      | Found Fiext's Weapon Shop.
  5152 | D:5      | Found Etredghe's Antique Armour Emporium.
  5221 | D:5      | Noticed Eustachio
  5250 | D:5      | Killed Eustachio
  5307 | D:5      | Found Sogevugi's Armour Emporium.
  5609 | D:6      | Reached skill level 9 in Long Blades
  5723 | D:6      | Reached XP level 9. HP: 78/78 MP: 8/8
  5742 | D:6      | You are sucked into a shaft and drop 3 floors!
  5788 | D:9      | Found a blossoming altar of Fedhas.
  6236 | D:8      | Reached skill level 10 in Long Blades
  6444 | D:7      | Found a bloodstained altar of Trog.
  6447 | D:7      | Noticed a wizard
  6453 | D:7      | Killed a wizard
  6832 | D:6      | Found a staircase to the Ecumenical Temple.
  6850 | Temple   | Entered the Ecumenical Temple
  6984 | Temple   | Became a worshipper of Warmaster Okawaru
  7050 | D:6      | Noticed Pikel
  7069 | D:6      | Killed Pikel
  7070 | D:6      | Reached skill level 11 in Long Blades
  7070 | D:6      | Reached skill level 5 in Dodging
  7070 | D:6      | Reached XP level 10. HP: 81/88 MP: 9/9
  7382 | D:7      | Identified the +2 robe "Moab" {rC+}
  7697 | D:7      | Reached * piety under Okawaru
  7728 | D:7      | Found Zewkaoro's Book Shop.
  8613 | D:9      | Noticed a two-headed ogre
  8618 | D:9      | Reached skill level 12 in Long Blades
  8939 | D:9      | Found a hide-covered altar of Uskayaw.
  8947 | D:9      | Noticed a soul eater
  8965 | D:9      | Reached ** piety under Okawaru
  9245 | D:9      | Killed a two-headed ogre
  9815 | D:3      | Bought the +0 pair of gloves of Damp Liberty {rPois rC+
                  | Str+2 Int-2} for 272 gold pieces
 10027 | D:10     | Entered Level 10 of the Dungeon
 10084 | D:10     | Reached *** piety under Okawaru
 10090 | D:10     | Reached skill level 13 in Long Blades
 10090 | D:10     | Reached XP level 11. HP: 91/97 MP: 10/10
 10254 | D:10     | Noticed Erolcha
 10306 | D:10     | Killed Erolcha
 10307 | D:10     | Reached skill level 10 in Armour
 10643 | D:10     | Found a snail-covered altar of Cheibriados.
 10682 | D:10     | Found a shadowy altar of Dithmenos.
 10798 | D:10     | Noticed a red ugly thing
 10810 | D:10     | Killed a red ugly thing
 10904 | D:10     | Found Ipseilai's Jewellery Boutique.
 10905 | D:10     | Noticed Erica
 10918 | D:10     | Killed Erica
 11053 | D:10     | Found a stormy altar of Qazlal.
 11072 | D:10     | Found a staircase to the Orcish Mines.
 11096 | D:10     | Reached **** piety under Okawaru
 11144 | D:10     | Noticed a deep elf pyromancer
 11149 | D:10     | Killed a deep elf pyromancer
 11174 | D:10     | Reached skill level 14 in Long Blades
 11196 | D:10     | Reached skill level 10 in Fighting
 11930 | D:11     | Noticed a skeletal warrior
 11944 | D:11     | Killed a skeletal warrior
 11945 | D:11     | Reached skill level 1 in Invocations
 11986 | D:11     | Noticed a skeletal warrior
 11986 | D:11     | Noticed a skeletal warrior
 12009 | D:11     | Killed a skeletal warrior
 12182 | D:11     | Killed a skeletal warrior
 12385 | D:11     | Noticed a two-headed ogre
 12391 | D:11     | Killed a two-headed ogre
 12392 | D:11     | Reached XP level 12. HP: 84/108 MP: 8/11
 13016 | D:11     | Found a staircase to the Lair.
 13345 | D:11     | Reached ***** piety under Okawaru
 13357 | D:11     | Noticed a two-headed ogre
 13364 | D:11     | Killed a two-headed ogre
 13365 | D:11     | Reached skill level 15 in Long Blades
 13599 | D:12     | Found a frozen archway.
 13603 | IceCv    | Entered an ice cave
 13611 | IceCv    | Identified the +0 pair of gloves "Pujev" {Will- Str+5}
                  | (Okawaru gifted it to you in an ice cave)
 13611 | IceCv    | Received a gift from Okawaru
 14058 | IceCv    | Reached skill level 1 in Evocations
 14905 | D:12     | Found a runed translucent door.
 14909 | D:12     | Identified the +0 trident "Guacreu" {venom, rPois rC-
                  | rCorr}
 14910 | D:12     | Noticed ciphuk's ghost (journeyman TrMo)
 14979 | D:12     | Found a portal to a secret trove of treasure.
 15553 | D:11     | HP: 5/113 [molten gargoyle/+0 mace (6)]
 15556 | D:11     | Killed from afar by a molten gargoyle

Illustrated notes

Levels and vault maps discovered:
D:1:      psy_arrival_fountain, layout_loops_corners, kennysheep_pointless_box
D:2:      layout_rooms, ebering_ecumenical_altar_webs, uniq_robin
D:3:      layout_loops_ring, serial_shops, shop, shop, nicolae_square_shop,
          shop, uniq_terence
D:4:      layout_loops_ring, mainiacjoe_overflow_brackets
D:5:      layout_basic, nicolae_elyvilon_peaceful_grove, serial_shops,
          nicolae_lakefront_shop, shop, nicolae_shop_tiny_waterfront,
          nicolae_shop_tiny_waterfront, nicolae_shop_tiny_glass, uniq_eustachio,
          uniq_edmund, uniq_duvessa
D:6:      layout_loops_ring, minmay_temple_entry_proselytizer, uniq_pikel
D:7:      layout_loops_ring, trog_wizard, serial_shops, shop
D:8:      layout_loops_corners, grunt_ministairs_8, kennysheep_potato
D:9:      layout_rooms, nicolae_uskayaw_dance_hall, lemuel_crystal_altar
D:10:     layout_small_grid, chei_slow_surprise, old_standard_altar,
          nicolae_qazlal_style_of_elements, minmay_orc_entry_temple_small,
          serial_shops, nicolae_stop_n_shop_2,
          dilly_guarded_unrand_elemental_staff, uniq_erica, uniq_erolcha
D:11:     kennysheep_blocky_room, layout_basic, lair_entry_dummy, minivault_8
D:12:     lemuel_ice_spiral_2, layout_irregular_city, trove_entry_hex_spiral,
          ebering_ghost_funeral_grove, portal_ice_cave_entry_pillars_2,
          minmay_misc_feat_secret_circle, hangedman_glass_teeth,
          kennysheep_flooded_box
Temple:   jpeg_temple_clearing

Skill      XL: |  1  2  3  4  5  6  7  8  9 10 11 12 |
---------------+-------------------------------------+-----
Shields        | 4 5 6 7 9 |  9.9
Fighting       | 4 5 6 7 9 10 12 | 12.7
Long Blades    | 3 4 5 6 7 9 11 13 14 15 | 15.9
Armour         | 4 5 6 7 8 9 10 11 | 11.4
Dodging        | 1 2 3 5 6 8 |  8.0
Stealth        | 1 2 |  2.3
Invocations    | 1 |  1.7
Evocations     | 1 |  1.1

Action                     |  1- 3 |  4- 6 |  7- 9 | 10-12 || total
---------------------------+-------+-------+-------+-------++-------
  Melee: Long sword        |    86 |   182 |   254 |       ||   522
         Headbutt          |    19 |    28 |    70 |   146 ||   263
         Scimitar          |       |       |    67 |   708 ||   775
 Invoke: Heroism           |       |       |       |    12 ||    12
  Evoke: Wand              |       |       |       |     3 ||     3
    Use: Potion            |     3 |     2 |     2 |     6 ||    13
         Scroll            |       |     5 |     1 |    20 ||    26
 Armour: Scale mail        |    36 |    29 |   121 |   226 ||   412
         Chain mail        |       |    43 |    13 |       ||    56
  Dodge: Dodged            |    42 |    67 |   163 |   457 ||   729
  Block: Buckler           |    15 |    53 |    68 |   201 ||   337
